 Dungeon Crawl Stone Soup version 0.27-a0-1557-g57f10a3 (webtiles) character file.

Game seed: 12617117038166482819

353 Think the Cutter (level 6, -3/42 HPs)
             Began as an Octopode Fighter on July 15, 2021.
             Was a Follower of Uskayaw.
             Slain by a killer bee (10 damage)
             ... on level 4 of the Dungeon.
             The game lasted 00:09:35 (3277 turns).

Think the Cutter (Octopode Fighter)                 Turns: 3277, Time: 00:09:36

Health: -3/42      AC: -11   Str: 15    XL:     6   Next: 62%
Magic:  6/6        EV: 11    Int: 11    God:    Uskayaw [*.....]
Gold:   138        SH:  8    Dex: 13    Spells: 5/5 levels left

rFire    . . .     SeeInvis .   r - +1 short sword (venom)
rCold    . . .     Faith    .   b - +0 kite shield
rNeg     . . .     Spirit   .   (helmet restricted)
rPois    .         Reflect  .   (no amulet)
rElec    .         Harm     .   (no ring)
rCorr    .         Rampage  .   (no ring)
Will     .....                  (no ring)
Stlth    ++........             (no ring)
HPRegen  0.14/turn              (no ring)
MPRegen  0.10/turn              (no ring)
                                (no ring)
                                (no ring)

@: brilliant, about to teleport, corroded
A: almost no armour, amphibious, 8 rings, camouflage 1, gelatinous body 1,
(nimble swimmer 1), tentacles
a: Renounce Religion, Stomp


You were on level 4 of the Dungeon.
You worshipped Uskayaw.
Uskayaw was noncommittal.
You visited 1 branch of the dungeon, and saw 4 of its levels.

You collected 138 gold pieces.

Inventory:

Hand Weapons
 a - a +0 rapier
 r - a +1 short sword of venom (weapon)
 s - a +0 vorpal flail
Missiles
 i - 6 atropa-tipped darts (quivered)
Armour
 b - a +0 kite shield (worn)
Jewellery
 p - a ring of positive energy
Wands
 o - a wand of acid (7)
 t - a wand of polymorph (7)
Scrolls
 e - a scroll of amnesia
 k - a scroll of noise {unknown}
 l - a scroll of immolation {unknown}
 m - a scroll of enchant armour {unknown}
Potions
 c - a potion of might
 q - a potion of brilliance


   Skills:
 - Level 3.0 Fighting
 + Level 6.8 Short Blades
 - Level 3.0 Dodging
 - Level 3.0 Shields


You had 5 spell levels left.
You didn't know any spells.
Your spell library contained the following spells:

 Spells                   Type           Power      Damage    Failure   Level
 Summon Guardian Golem    Hex/Summ       0%         N/A       99%         3
 Orb of Destruction       Conj           0%         N/A       100%        7
 Spellforged Servitor     Conj/Summ      0%         N/A       100%        7


Dungeon Overview and Level Annotations

Branches:
Dungeon (4/15)
 Temple: D:4-7

Altars:
Uskayaw

Shops:
D:1 ?(   D:2 (


Innate Abilities, Weirdness & Mutations

You cannot wear most types of armour.
You are amphibious.
You can wear up to eight rings at the same time.
Your skin changes colour to match your surroundings (Stealth+).
Your rubbery body absorbs attacks. (AC +1, EV +1)
((You are camouflaged near water. (Stealth+)))
You have tentacles for arms and can constrict up to eight enemies at once.


Message History

You puncture the jelly!
You kill the jelly!
Uskayaw will force your foes to helplessly watch your dance.
You cannot move.
You start resting.
A killer bee comes into view.
The killer bee moves out of view.
You start resting.
A killer bee is nearby!
A killer bee is nearby!
Okay, then.
What are your orders? t - Creak!
Orders for allies: a - Attack new target. r - Retreat! s - Stop attacking. g - Guard the area. f - Follow me.
Anything else - Cancel.
Retreat in which direction?
Press: ? - help, Dir - move target, f - you
Okay, then.
As you read the scroll labelled ANEPPI HEUWK, it crumbles to dust.
It is a scroll of amnesia.
You feel forgetful for a moment.
You feel less wooden.
Okay, then.
Okay, then.
As you read the scroll labelled XOOCOE ELOQ, it crumbles to dust.
It is a scroll of enchant weapon.
Your +0 short sword of venom glows red for a moment.
The killer bee buzzes angrily.
The killer bee stings you!
* * * LOW HITPOINT WARNING * * *
A killer bee comes into view.
The killer bee barely misses you.
You can no longer pass through a line of other dancers.
Okay, then.
As you read the scroll labelled VUPTEFE IMOY, it crumbles to dust.
You feel strangely unstable.
It was a scroll of teleportation.
The killer bee misses you. The killer bee stings you!
You die...

..................
......#...#.#...#
.......#.#...#.# ..
....#...#.....# ...
.....#..#.....# ....
..#...###...(.### #....
...#..#..#...#..# #.....
....###...#.#...###......
...#...#...#...#@..#.....
..#.....#..#..#..y†.#
.........#####..†....)...
..#.....# #..#.....#....
...# #...#...#..... ##
#.#...###..y... #...#..
#..... .....## #.... .. .
y...


You could see 2 killer bees.

Vanquished Creatures
  Edmund (D:4)
  A scorpion (D:4)
  2 jellies (D:4)
  3 adders
  2 ufetubi (D:4)
  2 dart slugs
  4 orcs (D:3)
  5 endoplasms
  6 giant cockroaches
  8 goblins
  5 hobgoblins
  4 jackals (D:1)
  9 kobolds
  A quokka (D:2)
  7 ball pythons
  10 bats
  4 frilled lizards
  7 rats
81 creatures vanquished.

Vanquished Creatures (others)
  11 toadstools (D:4)
11 creatures vanquished.

Grand Total: 92 creatures vanquished

Notes
Turn   | Place    | Note
-------+----------+-------------------------------------------
     0 | D:1      | Think the Octopode Fighter began the quest for the Orb.
     0 | D:1      | Reached XP level 1. HP: 16/16 MP: 1/1
   216 | D:1      | Reached XP level 2. HP: 21/21 MP: 2/2
   373 | D:1      | Reached skill level 3 in Short Blades
   609 | D:1      | Found a faded altar of an unknown god.
   611 | D:1      | Reached XP level 3. HP: 26/26 MP: 3/3
   616 | D:1      | Became a worshipper of Uskayaw the Reveller
   616 | D:1      | Reached * piety under Uskayaw
   702 | D:1      | Reached ** piety under Uskayaw
   897 | D:1      | Found Xotwefre's Magic Scroll Emporium.
   935 | D:1      | Found Annif's Antique Weapon Shop.
  1168 | D:2      | Found Zoumnyux's Weapon Emporium.
  1180 | D:2      | Reached skill level 4 in Short Blades
  1208 | D:2      | Reached XP level 4. HP: 15/31 MP: 4/4
  2609 | D:3      | Reached *** piety under Uskayaw
  2845 | D:3      | Reached skill level 5 in Short Blades
  3050 | D:4      | Reached XP level 5. HP: 28/36 MP: 5/5
  3116 | D:4      | Noticed Edmund
  3127 | D:4      | Killed Edmund
  3128 | D:4      | Reached skill level 6 in Short Blades
  3128 | D:4      | Reached XP level 6. HP: 27/42 MP: 6/6
  3248 | D:4      | Noticed Ijyb
  3251 | D:4      | Noticed Ijyb
  3251 | D:4      | Ijyb changed into Ijyb the jelly
  3261 | D:4      | Killed Ijyb the jelly
  3277 | D:4      | Slain by a killer bee

Illustrated notes

Levels and vault maps discovered:
D:1:      lemuel_arrival_river_ford, layout_loops_ring, serial_shops,
          nicolae_square_shop, shop, chequers_ecumenical_altar_simple_redux,
          minmay_misc_feat_alley
D:2:      minmay_chambers_of_twos, layout_loops_ring, serial_shops,
          nicolae_shop_window_shopping, minivault_25
D:3:      layout_loops_cross, hangedman_decor_points
D:4:      cheibrodos_fertilizer, layout_gridville, minmay_splitting_lines,
          uniq_ijyb, uniq_edmund

Skill      XL: |  1  2  3  4  5 |
---------------+----------------+-----
Short Blades   | 3 4 5 6 |  6.8
Fighting       | |  3.0
Dodging        | |  3.0
Shields        | |  3.0

Action                   |  1- 3 |  4- 6 || total
-------------------------+-------+-------++-------
Melee: Rapier            |    74 |    51 ||   125
       Constrict         |    17 |    15 ||    32
       Tentacles         |     9 |     7 ||    16
       Short sword       |       |    20 ||    20
Throw: Dart              |       |     4 ||     4
Evoke: Wand              |       |     1 ||     1
  Use: Potion            |       |     8 ||     8
       Scroll            |       |     3 ||     3
 Stab: Sleeping          |     3 |     9 ||    12
       Distracted        |     1 |       ||     1
       Paralysed         |       |     1 ||     1
Armor: Skin              |     4 |    20 ||    24
Dodge: Dodged            |    33 |    16 ||    49
Block: Kite shield       |    31 |    24 ||    55

Table legend: (Time is in decaauts)
 A = Elapsed time spent in this place.
 B = Non-inter-level travel time spent in this place.
 C = Inter-level travel time spent in this place.
 D = Time resting spent in this place.
 E = Time spent auto-exploring this place.
 F = Levels seen in this place.
 G = Mean time per level.
                   A        B        C        D        E       F      G
               +--------+--------+--------+--------+--------+-----+--------+
         Total |   3307 |   3223 |     84 |    588 |   2111 |   4 |  826.8 |
       Dungeon |   3307 |   3223 |     84 |    588 |   2111 |   4 |  826.8 |
               +--------+--------+--------+--------+--------+-----+--------+

Top non-repeatable levels by time:
     D:2: 1176 daAuts
     D:1: 1111 daAuts
     D:3: 784 daAuts
     D:4: 234 daAuts
